 Dungeon Crawl Stone Soup version 0.26.1-11-gd32895ea62 (webtiles) character file.

Game seed: 12422174997823626282

291 Zeld the Chucker (level 6, -1/59 HPs)
             Began as a Troll Hunter on June 7, 2021.
             Slain by a water moccasin (6 damage)
             ... on level 4 of the Dungeon.
             The game lasted 00:06:04 (4364 turns).

Zeld the Chucker (Troll Hunter)                     Turns: 4364, Time: 00:06:05

Health: -1/59      AC:  6    Str: 23    XL:     6   Next: 10%
Magic:  5/5        EV: 10    Int:  7    God:
Gold:   312        SH:  0    Dex: 10    Spells: 5/5 levels left

rFire    . . .     SeeInvis .   (no weapon)
rCold    . . .     Faith    .   (no shield)
rNeg     . . .     Spirit   .   b - +0 robe
rPois    .         Reflect  .   (helmet restricted)
rElec    .         Harm     .   (no cloak)
rCorr    .         Rampage  .   (gloves unavailable)
Will     .....                  (boots unavailable)
Stlth    +.........             (no amulet)
HPRegen  0.59/turn              (no ring)
MPRegen  0.09/turn              (no ring)

@: lethally poisoned (-1 -> -3)
A: large, unfitting armour, claws 3, regeneration 1, shaggy fur 1, tough skin 3
a: no special abilities


You were on level 4 of the Dungeon.
You visited 1 branch of the dungeon, and saw 4 of its levels.

You collected 312 gold pieces.

Inventory:

Missiles
 c - 5 large rocks
 d - 2 throwing nets
 f - 47 poisoned darts (quivered)
Armour
 b - a +0 robe (worn)
Jewellery
 w - an uncursed ring of stealth {unknown}
Wands
 s - a wand of paralysis (14)
 t - a wand of polymorph (4)
Scrolls
 a - 7 scrolls of identify {unknown}
 e - 3 scrolls of blinking {unknown}
 g - a scroll of amnesia {unknown}
 h - 2 scrolls of teleportation {unknown}
 k - a scroll of fear {unknown}
 l - 2 scrolls of enchant armour {unknown}
 m - 3 scrolls of immolation {unknown}
 q - 4 scrolls of remove curse {unknown}
 v - a scroll of fog {unknown}
Potions
 i - a potion of ambrosia {unknown}
 j - 2 potions of curing {unknown}
 n - a potion of heal wounds {unknown}
 o - a potion of haste {unknown}
 p - a potion of brilliance {unknown}
 r - a potion of mutation {unknown}
 u - a potion of lignification {unknown}


   Skills:
 + Level 2.9 Fighting
 * Level 5.4 Throwing
 + Level 2.9 Dodging
 - Level 0.3 Stealth


You had 5 spell levels left.
You didn't know any spells.
Your spell library was empty.

Dungeon Overview and Level Annotations

Branches:
Dungeon (4/15)
 Temple: D:4-7

Altars:
Vehumet

Shops:
D:4 [(


Innate Abilities, Weirdness & Mutations

You are too large for most types of armour.
You have claws for hands.
Your natural rate of healing is unusually fast.
You are covered in fur. (AC +1)
You have extremely tough skin. (AC +3)


Message History

The water moccasin is heavily wounded.
You feel sick.
The water moccasin completely misses you.
You barely miss the water moccasin.
The water moccasin is heavily wounded.
You feel sick. The water moccasin bites you.
* * * LOW HITPOINT WARNING * * *
The water moccasin bites you.
* * * LOW HITPOINT WARNING * * *
Unknown command.
You feel sick.
You scratch the water moccasin.
The water moccasin is severely wounded.
You feel sick. The phantom closely misses you. The water moccasin bites you.
* * * LOW HITPOINT WARNING * * *
Unknown command.
You claw the water moccasin!
The water moccasin is almost dead.
You feel sick. The water moccasin bites you.
You die...

### ######.#
#......# #.####.#
#.#..#.#
###########
#...<#.#
#.@S).....#
######.#
#W####.#..#
..#.#######.# #
#.#.........# #
#.#..######.#
#####'#..######.#
)........#......#
.........#.>....###
.........#........#


You could see a phantom and a water moccasin.

Vanquished Creatures
  An orc wizard (D:3)
  Natasha (thrice) (D:3)
  3 gnolls
  5 adders
  An ooze (D:3)
  5 worms
  A dart slug (D:2)
  3 leopard geckos
  11 orcs
  A ball python (D:3)
  5 bats
  3 giant cockroaches
  3 goblins
  9 hobgoblins
  5 jackals
  3 quokkas
  6 frilled lizards
  11 kobolds
  5 rats
84 creatures vanquished.

Vanquished Creatures (others)
  A worm (D:3)
1 creature vanquished.

Grand Total: 85 creatures vanquished

Notes
Turn   | Place    | Note
-------+----------+-------------------------------------------
     0 | D:1      | Zeld the Troll Hunter began the quest for the Orb.
     0 | D:1      | Reached XP level 1. HP: 19/19 MP: 0/0
   299 | D:1      | Reached XP level 2. HP: 27/28 MP: 1/1
   437 | D:1      | Reached skill level 4 in Throwing
   926 | D:2      | Reached XP level 3. HP: 23/35 MP: 2/2
  1154 | D:2      | Reached XP level 4. HP: 36/42 MP: 3/3
  1912 | D:3      | Found a radiant altar of Vehumet.
  1976 | D:3      | Reached XP level 5. HP: 50/50 MP: 4/4
  2094 | D:3      | Noticed Natasha
  2153 | D:3      | Killed Natasha
  2154 | D:3      | Reached skill level 5 in Throwing
  2309 | D:3      | Noticed Natasha
  2314 | D:3      | Killed Natasha
  2937 | D:3      | Noticed Natasha
  2946 | D:3      | Killed Natasha
  3952 | D:4      | Found Toxeakly's Antique Weapon Emporium.
  4032 | D:4      | Reached XP level 6. HP: 42/59 MP: 5/5
  4164 | D:4      | Found Omisoc's Antique Armour Shoppe.
  4344 | D:4      | Noticed a water moccasin
  4364 | D:4      | Slain by a water moccasin

Illustrated notes

Levels and vault maps discovered:
D:1:      dpeg_arrival_ternary, layout_loops_ring, minmay_split_cup_small
D:2:      minmay_angry_zag, layout_basic, minmay_octomino_j4
D:3:      layout_loops_ring, fiery_altar_vehumet, uniq_natasha
D:4:      minmay_wonky_spiral, layout_basic, serial_shops, shop, shop_fountains,
          chequers_decorated_corner

Skill      XL: |  1  2  3  4  5 |
---------------+----------------+-----
Throwing       | 4 5 |  5.4
Dodging        | 2 |  2.9
Fighting       | 2 |  2.9
Stealth        | |  0.3

Action                   |  1- 3 |  4- 6 || total
-------------------------+-------+-------++-------
Melee: Unarmed           |   107 |   207 ||   314
 Stab: Sleeping          |     1 |     2 ||     3
Armor: Robe              |    45 |    49 ||    94
       Skin              |       |     2 ||     2
Dodge: Dodged            |    70 |    96 ||   166
